 Dungeon Crawl Stone Soup version 0.20-b1-18-gaa2fd62 (webtiles) character file.

5134 ChaseSP the Spear-Bearer (level 10, -8/77 HPs)
             Began as a Merfolk Gladiator on May 25, 2017.
             Was a Priest of Okawaru.
             Mangled by an ogre
             ... wielding a +0 giant club
              (12 damage)
             ... on level 8 of the Dungeon.
             The game lasted 00:14:49 (8556 turns).

ChaseSP the Spear-Bearer (Merfolk Gladiator)        Turns: 8556, Time: 00:14:49

Health: -8/77      AC: 11    Str: 18    XL:     10   Next: 58%
Magic:  11/11      EV: 12    Int:  8    God:    Okawaru [***...]
Gold:   305        SH:  0    Dex: 17    Spells: 9/9 levels left

rFire    + . .     SeeInvis .   a - +1 trident
rCold    . . .     Gourm    .   (no shield)
rNeg     + . .     Faith    +   g - +0 chain mail
rPois    .         Spirit   .   c - +0 helmet
rElec    .         Reflect  .   (no cloak)
rCorr    .         Harm     .   (no gloves)
MR       .....                  (no boots)
Stlth    ..........             G - amulet of faith
Regen    0.3/turn               i - ring of positive energy
MPRegen  0.2/turn               (no ring)

@: no status effects
A: change form in water, swift swim, stealthy swim, agile 1, fire resistance 1,
high mp 1
a: Heroism, Renounce Religion


You were on level 8 of the Dungeon.
You worshipped Okawaru.
Okawaru was most pleased with you.
You were not hungry.

You visited 2 branches of the dungeon, and saw 9 of its levels.
You also visited: Ossuary.

You collected 305 gold pieces.

Inventory:

Hand Weapons
 a - a +1 trident (weapon)
Missiles
 d - 3 throwing nets (quivered)
Armour
 c - a +0 helmet (worn)
 g - a +0 chain mail (worn)
Jewellery
 i - a ring of positive energy (left hand)
 B - a +3 amulet of reflection
 G - an amulet of faith (around neck)
Wands
 y - a wand of random effects (20/48)
Scrolls
 b - a scroll of blinking
 h - a scroll of identify
 o - a scroll of enchant weapon
 p - 5 scrolls of teleportation
 r - 2 scrolls of recharging
 t - a scroll of random uselessness {unknown}
 u - 2 scrolls of enchant armour
 v - a scroll of amnesia {unknown}
Potions
 e - a potion of cancellation
 n - a potion of heal wounds
 q - a potion of flight
 s - a potion of resistance
 w - a potion of haste
 x - 3 potions of lignification
 z - a potion of magic
Books
 k - a book of Maledictions

   Spells                             Type                      Level
   a - Corona                         Hexes                        1
   b - Ensorcelled Hibernation        Hexes/Ice                    2
   c - Confuse                        Hexes                        3
   d - Tukima's Dance                 Hexes                        3
   e - Dazzling Spray                 Conjuration/Hexes            3
 F - a book of Callings

   Spells                             Type                      Level
   a - Summon Small Mammal            Summoning                    1
   b - Call Imp                       Summoning                    2
   c - Call Canine Familiar           Summoning                    3
   d - Summon Guardian Golem          Hexes/Summoning              3
   e - Summon Lightning Spire         Summoning/Air                4
   f - Summon Ice Beast               Ice/Summoning                4
Comestibles
 f - 4 bread rations
 j - 2 meat rations
 l - 4 royal jellies
 m - a fruit
 A - 6 chunks of flesh


   Skills:
 + Level 6.4 Fighting
 - Level 14.0 Polearms
 - Level 2.0 Throwing
 * Level 6.3 Armour
 + Level 8.8 Dodging


You had 9 spell levels left.
You didn't know any spells.

Dungeon Overview and Level Annotations

Branches:
Dungeon (8/15)             Temple (1/1) D:6
   Lair: D:8-11

Altars:
Ashenzari
Cheibriados
Dithmenos
Elyvilon
Fedhas
Hepliaklqana
Kikubaaqudgha
Okawaru
Qazlal
Ru
Trog
Uskayaw
Vehumet
Xom
Yredelemnul
Zin
The Shining One

Shops:
D:5 *   D:6 *(

Annotations:
D:2 exclusion: oklob plant


Innate Abilities, Weirdness & Mutations

You revert to your normal form in water.
You are very nimble and swift while swimming.
You are very stealthy in the water. (Stealth+)
You are agile. (Dex +2)
Your flesh is heat resistant. (rF+)
You have an increased reservoir of magic. (+10% MP)


Message History

* * * LOW HITPOINT WARNING * * *
The manticore claws you.
* * * LOW HITPOINT WARNING * * *
The manticore claws you.
* * * LOW HITPOINT WARNING * * *
The ogre misses you.
You feel much better. The manticore closely misses you.
The manticore claws you! The manticore misses you.
You hit the ogre.
The ogre is heavily wounded.
The ogre hits you with a giant club!!
* * * LOW HITPOINT WARNING * * *
You hit the ogre.
The ogre is severely wounded.
The manticore barely misses you. x2; The manticore claws you.
* * * LOW HITPOINT WARNING * * *
You hit the ogre.
The ogre is severely wounded.
The ogre hits you with a giant club!
You die...

*+............)...........#......
*......................#......###
,........$....................+..
,....#####.....(..............###
,....* #....................# #
,...,****#....................#*#
,,,,,,,,*#.........#............ยง
,,,,,,,,*#.....H...#.#...........
*,,,,,,,*#....lO@....#...........
*,,,,,,,,>...####.........####...
,,,,,,<,,.,,,* #................
,,,,,,,,,,,,,* #.......<........
,,,,,,,,,,,,,####................
,,,,,,,,,,,,,#.......####........
,,,,,,,,,,,,,#..........#......#.
,,,,,,,,,,,,,#..........#........
,,,,,,,,,****#..........##.......


You could see a manticore, an ogre and an iguana.

Vanquished Creatures
  Erica (D:8)
  Psyche (D:8)
  Menkaure (D:5)
  2 water moccasins
  2 orc warriors (D:7)
  A sky beast (D:8)
  A black bear (D:6)
  A necrophage (D:8)
  3 ogres
  The ghost of Modestlyawesome the Chopper, an amateur DsMo (D:3)
  2 phantoms
  A centaur (D:8)
  2 big kobolds (D:7)
  An elf zombie (Ossuary)
  7 bullfrogs
  A wyvern zombie (D:6)
  A water moccasin zombie (D:6)
  A wyvern skeleton (D:7)
  6 scorpions
  4 killer bees (D:7)
  4 electric eels (D:6)
  5 wights (D:6)
  2 howler monkeys
  3 crimson imps
  2 bullfrog zombies
  4 hounds
  4 orc priests
  2 iguanas
  2 jellies
  A bullfrog skeleton (D:4)
  Natasha (twice) (D:2)
  5 orc wizards
  5 worker ants
  3 mummies (Ossuary)
  A worker ant zombie (D:5)
  9 adders
  A shadow imp (D:5)
  2 oozes
  4 adder zombies
  3 worms
  4 dart slugs
  2 leopard geckos
  25 orcs
  5 giant cockroaches
  5 goblins
  4 hobgoblins
  4 jackals (D:6)
  6 quokkas
  4 ball pythons
  5 bats
  3 frilled lizards
  2 goblin skeletons (D:4)
  4 goblin zombies
  2 hobgoblin zombies (Ossuary)
  A jackal skeleton (D:4)
  17 kobolds
  2 kobold skeletons (D:4)
  6 kobold zombies
  An orc skeleton (D:4)
  4 orc zombies (D:4)
  2 quokka skeletons (D:4)
  3 quokka zombies (Ossuary)
  6 rats
  3 rat zombies (Ossuary)
224 creatures vanquished.

Notes
Turn   | Place    | Note
-------+----------+-------------------------------------------
     0 | D:1      | ChaseSP the Merfolk Gladiator began the quest for the Orb.
     0 | D:1      | Reached XP level 1. HP: 16/16 MP: 1/1
   139 | D:1      | Reached skill level 5 in Polearms
   141 | D:1      | Reached XP level 2. HP: 20/22 MP: 2/2
  1067 | D:2      | Reached XP level 3. HP: 24/27 MP: 3/3
  1079 | D:2      | Reached skill level 6 in Polearms
  1175 | D:2      | Found a blossoming altar of Fedhas.
  1190 | D:2      | Noticed an oklob plant
  1427 | D:2      | Reached XP level 4. HP: 33/33 MP: 4/4
  1594 | D:2      | Noticed Natasha
  1604 | D:2      | Killed Natasha
  1604 | D:2      | Reached skill level 1 in Armour
  2008 | D:2      | Noticed Natasha
  2014 | D:2      | Killed Natasha
  2014 | D:2      | Reached skill level 7 in Polearms
  2125 | D:3      | Reached XP level 5. HP: 38/38 MP: 5/5
  2387 | D:3      | Noticed Modestlyawesome's ghost (amateur DsMo)
  2424 | D:3      | Killed Modestlyawesome's ghost
  2424 | D:3      | Reached skill level 8 in Polearms
  2424 | D:3      | Reached XP level 6. HP: 44/47 MP: 6/6
  2783 | D:3      | Found a faded altar of an unknown god.
  3225 | D:4      | Found a glowing golden altar of the Shining One.
  3340 | D:4      | Reached skill level 9 in Polearms
  3340 | D:4      | Reached XP level 7. HP: 36/53 MP: 7/7
  3491 | D:4      | Found a sand-covered staircase.
  3557 | Ossuary  | Entered an ossuary
  3793 | Ossuary  | Reached skill level 10 in Polearms
  3999 | D:4      | Found a hide-covered altar of Uskayaw.
  3999 | D:4      | Found an ancient bone altar of Kikubaaqudgha.
  4120 | D:4      | Reached XP level 8. HP: 48/61 MP: 8/8
  4263 | D:4      | Got a heavily jewelled robe
  4274 | D:4      | Identified the +2 robe of Beborad {Dex+3} (You found it on level 4 of the Dungeon)
  4341 | D:5      | Entered Level 5 of the Dungeon
  4368 | D:5      | Found Igaschelo's Incredible Inventory.
  4549 | D:5      | Noticed Menkaure
  4556 | D:5      | Killed Menkaure
  4556 | D:5      | Reached skill level 5 in Fighting
  4556 | D:5      | Reached skill level 11 in Polearms
  5160 | D:6      | Found Odybais's General Store.
  5207 | D:6      | Reached skill level 12 in Polearms
  5228 | D:6      | Found Xenibru's Antique Weapon Shop.
  5274 | D:6      | Reached skill level 5 in Dodging
  5277 | D:6      | Reached XP level 9. HP: 20/68 MP: 9/9
  5722 | D:6      | Found a staircase to the Ecumenical Temple.
  5767 | Temple   | Entered the Ecumenical Temple
  5818 | Temple   | Became a worshipper of Warmaster Okawaru
  6051 | D:6      | Reached skill level 13 in Polearms
  6470 | D:7      | HP: 2/68 [orc warrior/hand axe (14)]
  6787 | D:7      | Reached * piety under Okawaru
  6891 | D:7      | Gained mutation: You are agile. (Dex +2) [potion of mutation]
  6891 | D:7      | Gained mutation: You have an increased reservoir of magic. (+10% MP) [potion of mutation]
  6891 | D:7      | Gained mutation: Your flesh is heat resistant. (rF+) [potion of mutation]
  7055 | D:7      | Reached skill level 14 in Polearms
  7055 | D:7      | Reached skill level 5 in Armour
  7074 | D:7      | Found a radiant altar of Vehumet.
  7163 | D:7      | HP: 2/68 [acid (9)]
  7168 | D:7      | Reached XP level 10. HP: 17/74 MP: 11/11
  7502 | D:7      | Reached ** piety under Okawaru
  7802 | D:8      | Noticed Psyche
  7883 | D:8      | Killed Psyche
  8342 | D:8      | Noticed Erica
  8364 | D:8      | Killed Erica
  8364 | D:8      | Reached *** piety under Okawaru
  8537 | D:8      | Noticed a manticore
  8556 | D:8      | Mangled by an ogre

Skill      XL: |  1  2  3  4  5  6  7  8  9 10 |
---------------+-------------------------------+-----
Polearms       | 5 6 7 8 9 10 12 14 | 14.0
Armour         | 1 2 3 4 5 6 |  6.3
Fighting       | 3 4 5 6 |  6.4
Dodging        | 5 7 8 |  8.8
Throwing       | |  2.0

Action                   |  1- 3 |  4- 6 |  7- 9 | 10-12 || total
-------------------------+-------+-------+-------+-------++-------
Melee: Trident           |   105 |   190 |   615 |   166 ||  1076
       Tailslap          |       |       |     1 |       ||     1
Evoke: Wand              |       |       |     1 |       ||     1
  Use: Scroll            |     2 |     1 |    11 |     4 ||    18
       Potion            |       |     3 |     7 |     2 ||    12
 Stab: Invisible         |       |     1 |       |       ||     1
  Eat: Chunk             |     2 |     6 |    13 |     4 ||    25
Armor: Leather armour    |     3 |       |       |       ||     3
       Chain mail        |    31 |    60 |   156 |    37 ||   284
       Ring mail         |     2 |       |       |       ||     2
Dodge: Dodged            |    39 |    50 |   157 |    66 ||   312
Block: Other             |       |       |    13 |       ||    13
